 Dungeon Crawl Stone Soup version 0.18.1-8-gdd0e5ea (webtiles) character file.

142 CyborgNinja the Ruffian (level 5, -3/49 HPs)
             Began as a Troll Transmuter on May 23, 2016.
             Slain by jesusflecha's ghost (13 damage)
             ... on level 3 of the Dungeon.
             The game lasted 00:03:57 (1366 turns).

CyborgNinja the Ruffian (Troll Transmuter)          Turns: 1366, Time: 00:03:58

Health: -3/49      AC:  6    Str: 23    XL:     5   Next: 3%
Magic:  5/5        EV: 10    Int: 13    God:
Gold:   102        SH:  0    Dex: 10    Spells: 1 memorised, 5 levels left

rFire  . . .     SeeInvis .       - Unarmed
rCold  . . .     Gourm    +     b - +1 robe
rNeg   . . .     Faith    .     (no shield)
rPois  +         Spirit   .     (helmet restricted)
rElec  .         Dismiss  .     (no cloak)
rCorr  .         Reflect  .     (gloves unavailable)
SustAt .         Harm     .     (boots unavailable)
MR     .....                    (no amulet)
Stlth  +.........               h - +3 ring of intelligence
                                f - ring of poison resistance

@: mighty, not resistant to hostile enchantments, very unstealthy
A: unfitting armour, claws 3, fast metabolism 3, gourmand, regeneration 2,
shaggy fur 1, tough skin 2
a: no special abilities


You were on level 3 of the Dungeon.
You were hungry.

You visited 1 branch of the dungeon, and saw 3 of its levels.

You collected 102 gold pieces.

Inventory:

Missiles
 a - 53 arrows
Armour
 b - a +1 robe (worn)
Jewellery
 f - a ring of poison resistance (left claw)
 h - a +3 ring of intelligence (right claw)
 i - an uncursed ring of poison resistance
Scrolls
 g - a scroll of fog
 j - a scroll of magic mapping
 k - 2 scrolls of teleportation
 m - a scroll of enchant armour
Books
 c - a book of Changes

   Spells                             Type                      Level
   a - Beastly Appendage              Transmutation                1
   b - Sticks to Snakes               Transmutation                2
   c - Spider Form                    Transmutation/Poison         3
   d - Ice Form                       Ice/Transmutation            4
   e - Blade Hands                    Transmutation                5
Comestibles
 d - 3 bread rations


   Skills:
 + Level 2.2 Fighting
 + Level 2.8 Dodging
 + Level 4.0 Unarmed Combat
 - Level 1.2 Spellcasting
 - Level 1.3 Transmutations


You had 5 spell levels left.
You knew the following spells:

 Your Spells              Type           Power        Failure   Level  Hunger
a - Beastly Appendage     Trmt           #.....       17%         1    ##.....


Dungeon Overview and Level Annotations

Branches:
Dungeon (3/15)

Altars:
Ru

Annotations:
D:3 jesusflecha's ghost, amateur GrFi


Innate Abilities, Weirdness & Mutations

You are too large for most types of armour.
You have claws for hands.
Your metabolism is lightning-fast.
You like to eat raw meat.
You heal very quickly.
You are covered in fur (AC +1).
You have very tough skin (AC +2).


Message History

You feel less woody.
Your +1 robe unmelds from your body.
Jesusflecha's ghost hits you but does no damage.
You scratch jesusflecha's ghost but do no damage.
Jesusflecha's ghost is moderately damaged.
Jesusflecha's ghost hits you!
You barely miss jesusflecha's ghost.
Jesusflecha's ghost is moderately damaged.
Jesusflecha's ghost hits you!
You scratch jesusflecha's ghost.
Jesusflecha's ghost is heavily damaged.
Jesusflecha's ghost hits you!
* * * LOW HITPOINT WARNING * * *
Drink which item? (? for menu, Esc to quit)
You feel better. Jesusflecha's ghost hits you!
* * * LOW HITPOINT WARNING * * *
Drink which item? (? for menu, Esc to quit)
You feel very mighty all of a sudden. Jesusflecha's ghost hits you!
You die...

#.#.. .# ♣.♣ ♣♣♣
#####.#.######.# ♣.♣♣
#.....#.#.(..#.# ♣..♣
#.##..#.#.##.#.# ♣♣.♣
#.##....#..#.#.# ♣♣.♣
#.###.#(...#.#.# ♣.♣♣ #.#
#.#.####.#.# ♣♣.♣♣ #.#
#..........## ♣♣.♣ #.#
###.####W@..# ♣.♣
#.#####.#....)..# ♣.♣
#.....#.#.####..# ♣.♣
#####.#.# ..# ♣.♣ #...#.#.#
.## ♣.♣♣ #.#.#.#.. .. ♣♣.♣♣
#.#.#.## ##### ♣♣.♣
#.#.#.#########...#####.######
#.#.#.#...........)...........


You could see jesusflecha's ghost.

Vanquished Creatures
  Ijyb (D:2)
  Robin (D:2)
  A gnoll (D:1)
  2 adders (D:3)
  An ooze (D:2)
  A worm (D:2)
  A dart slug (D:1)
  A giant gecko (D:2)
  An orc (D:2)
  2 giant cockroaches (D:2)
  18 goblins
  9 hobgoblins
  2 jackals (D:2)
  2 quokkas (D:2)
  5 bats
  4 giant newts
  6 kobolds
  6 rats
64 creatures vanquished.

Notes
Turn   | Place    | Note
--------------------------------------------------------------
     0 | D:1      | CyborgNinja the Troll Transmuter began the quest for the Orb.
     0 | D:1      | Reached XP level 1. HP: 18/18 MP: 1/1
     6 | D:1      | Reached skill level 1 in Fighting
     6 | D:1      | Reached XP level 2. HP: 14/27 MP: 2/2
   448 | D:2      | Reached XP level 3. HP: 33/33 MP: 3/3
   485 | D:2      | Found a faded altar to an unknown god.
   563 | D:2      | Noticed Ijyb
   568 | D:2      | Noticed Robin
   569 | D:2      | Killed Ijyb
   574 | D:2      | Reached XP level 4. HP: 26/42 MP: 4/4
   592 | D:2      | Killed Robin
   806 | D:2      | Found a sacrificial altar of Ru.
   939 | D:2      | Reached skill level 4 in Unarmed Combat
  1191 | D:3      | Reached XP level 5. HP: 49/49 MP: 5/5
  1353 | D:3      | Noticed jesusflecha's ghost (amateur GrFi)
  1366 | D:3      | Slain by jesusflecha's ghost

Skill      XL: |  1  2  3  4 |
---------------+-------------+-----
Fighting       | 1 2 |  2.2
Dodging        | 2 |  2.8
Unarmed Combat | 4 |  4.0
Spellcasting   | |  1.2
Transmutations | |  1.3

Action                   |  1- 3 |  4- 6 || total
-------------------------+-------+-------++-------
Melee: Unarmed           |    58 |   108 ||   166
       Punch             |       |     1 ||     1
  Use: Potion            |     4 |     4 ||     8
       Scroll            |       |     6 ||     6
 Stab: Invisible         |     1 |       ||     1
       Sleeping          |     1 |       ||     1
  Eat: Chunk             |     6 |     3 ||     9
Armor: Robe              |    14 |    39 ||    53
       Skin              |       |     1 ||     1
Dodge: Dodged            |    30 |    44 ||    74
